[Event "88th UKR-ch 2019"]
[Site "Lutsk"]
[Date "2019.12.11"]
[Round "2.1"]
[White "Volokitin, Andrei"]
[Black "Bernadskiy, Vitaliy"]
[Result "1/2-1/2"]
[ECO "B30"]
[WhiteElo "2641"]
[BlackElo "2593"]
[Annotator "ChessBase"]
[PlyCount "40"]
[EventDate "2019.12.10"]
[EventType "tourn"]
[EventCountry "UKR"]
[SourceTitle "playchess.com"]
[Source "ChessBase"]
[SourceQuality "1"]
[TimeControl "40/5400+30:1800+30"]

1. e4 c5 2. Nf3 Nc6 3. Bb5 d6 4. O-O Bd7 5. Re1 Nf6 6. c3 a6 7. Bf1 Bg4 8. d4 cxd4 9. cxd4 e5 10. d5 Nd4 11. Be3 Nxf3+ 12. gxf3 Bh5 13. Nd2 Be7 14. Bh3 O-O 15. Qb3 b5 16. a4 Rb8 17. axb5 Rxb5 18. Qa3 Nd7 19. Qxa6 Rxb2 20. Nc4 Rb4 1/2-1/2

[Event "88th UKR-ch 2019"]
[Site "Lutsk"]
[Date "2019.12.11"]
[Round "2.2"]
[White "Shtembuliak, Evgeny"]
[Black "Kovchan, Alexander"]
[Result "1/2-1/2"]
[ECO "D85"]
[WhiteElo "2600"]
[BlackElo "2572"]
[Annotator "ChessBase"]
[PlyCount "34"]
[EventDate "2019.12.10"]
[EventType "tourn"]
[EventCountry "UKR"]
[SourceTitle "playchess.com"]
[Source "ChessBase"]
[SourceQuality "1"]
[TimeControl "40/5400+30:1800+30"]

1. d4 Nf6 2. c4 g6 3. Nc3 d5 4. cxd5 Nxd5 5. e4 Nxc3 6. bxc3 Bg7 7. Bb5+ c6 8. Ba4 O-O 9. Nf3 Qa5 10. O-O Qxc3 11. Rb1 Qa5 12. Bg5 Qd8 13. h3 Nd7 14. Qc1 Kh8 15. Bb3 f6 16. Bh4 Qe8 17. d5 Nb6 1/2-1/2

[Event "88th UKR-ch 2019"]
[Site "Lutsk"]
[Date "2019.12.16"]
[Round "6"]
[White "Kovchan, Alexander"]
[Black "Vysochin, Spartak"]
[Result "1/2-1/2"]
[ECO "A20"]
[WhiteElo "2572"]
[BlackElo "2512"]
[Annotator "ChessBase"]
[PlyCount "128"]
[EventDate "2019.??.??"]
[EventCountry "UKR"]
[SourceTitle "playchess.com"]
[Source "ChessBase"]
[SourceQuality "1"]
[TimeControl "40/5400+30:1800+30"]

1. c4 e5 2. g3 c6 3. Nf3 e4 4. Nd4 d5 5. d3 Nf6 6. Bg2 Bb4+ 7. Bd2 Qb6 8. Bxb4 Qxb4+ 9. Qd2 Qxd2+ 10. Nxd2 exd3 11. exd3 O-O 12. O-O Rd8 13. c5 a5 14. Rfc1 a4 15. f4 Ra5 16. N4f3 Na6 17. d4 a3 18. bxa3 Rxa3 19. Nb1 Ra5 20. Nbd2 Ra4 21. a3 Ne4 22. Nb3 Bf5 23. Nh4 Be6 24. f5 Bd7 25. Bxe4 dxe4 26. Re1 Re8 27. Re3 Nc7 28. Rae1 Rxa3 29. Nd2 Rxe3 30. Rxe3 Nb5 31. Rxe4 Rxe4 32. Nxe4 Nxd4 33. Nd6 Kf8 34. Kf2 Ke7 35. Ke3 Nc2+ 36. Kd2 Nb4 37. Nxb7 Kf6 38. Nd6 Na6 39. Ne4+ Ke5 40. f6 gxf6 41. Ke3 Bg4 42. Nf2 Be6 43. Nf3+ Kd5 44. Ne4 f5 45. Nf6+ Kxc5 46. Nxh7 Nb4 47. Nhg5 Nd5+ 48. Kd3 Kd6 49. Nh3 Nf6 50. Nf4 c5 51. h4 Ne4 52. Ne2 Ke7 53. Nd2 Nd6 54. Nf4 Kf6 55. Ke3 c4 56. Ne2 Nb5 57. Nb1 Ke5 58. Nbc3 Nxc3 59. Nxc3 f4+ 60. gxf4+ Kf5 61. h5 Kf6 62. Ne4+ Kg7 63. Ng3 Kh6 64. Kd4 f6 1/2-1/2

[Event "88th UKR-ch 2019"]
[Site "Lutsk"]
[Date "2019.12.17"]
[Round "7"]
[White "Eljanov, Pavel"]
[Black "Shtembuliak, Evgeny"]
[Result "0-1"]
[ECO "E08"]
[WhiteElo "2663"]
[BlackElo "2600"]
[Annotator "RC"]
[PlyCount "70"]
[EventDate "2019.??.??"]
[EventCountry "UKR"]
[SourceTitle "playchess.com"]
[Source "ChessBase"]
[SourceQuality "1"]
[TimeControl "40/5400+30:1800+30"]

1. d4 d5 2. c4 e6 3. Nf3 Nf6 4. g3 Bb4+ 5. Bd2 Be7 6. Bg2 O-O 7. O-O Nbd7 8. Qc2 Ne4 9. Bf4 c6 10. h4 h6 11. Nc3 g5 12. Be3 Nd6 13. b3 f5 14. Bc1 gxh4 15. Nxh4 Bxh4 16. gxh4 Kh7 17. f3 Qxh4 18. Ba3 Qxd4+ 19. Rf2 c5 20. cxd5 e5 21. e4 Qe3 22. Raf1 Qf4 23. Bc1 Qh4 24. f4 Rg8 25. fxe5 Nxe5 26. Bf4 Qf6 27. Bxe5 Qxe5 28. exf5 Rg5 29. f6+ Bf5 30. Qe2 Qxf6 31. Ne4 Nxe4 32. Rxf5 Qd4+ 33. Kh2 Ng3 34. Rf7+ Kh8 35. Rf8+ Rg8 0-1

[Event "88th UKR-ch 2019"]
[Site "Lutsk"]
[Date "2019.12.17"]
[Round "7"]
[White "Moiseenko, Alexander"]
[Black "Volokitin, Andrei"]
[Result "1/2-1/2"]
[ECO "D79"]
[WhiteElo "2623"]
[BlackElo "2641"]
[Annotator "ChessBase"]
[PlyCount "23"]
[EventDate "2019.??.??"]
[EventCountry "UKR"]
[SourceTitle "playchess.com"]
[Source "ChessBase"]
[SourceQuality "1"]
[TimeControl "40/5400+30:1800+30"]

1. d4 Nf6 2. c4 g6 3. Nf3 Bg7 4. g3 c6 5. Bg2 d5 6. cxd5 cxd5 7. O-O O-O 8. Ne5 Ng4 9. Nf3 Nf6 10. Ne5 Ng4 11. Nf3 Nf6 12. Ne5 1/2-1/2

[Event "88th UKR-ch 2019"]
[Site "Lutsk"]
[Date "2019.12.17"]
[Round "7"]
[White "Bernadskiy, Vitaliy"]
[Black "Kovchan, Alexander"]
[Result "1/2-1/2"]
[ECO "B23"]
[WhiteElo "2593"]
[BlackElo "2572"]
[Annotator "ChessBase"]
[PlyCount "83"]
[EventDate "2019.??.??"]
[EventCountry "UKR"]
[SourceTitle "playchess.com"]
[Source "ChessBase"]
[SourceQuality "1"]
[TimeControl "40/5400+30:1800+30"]

1. e4 c5 2. Nc3 a6 3. Nge2 d6 4. g3 g6 5. Bg2 Bg7 6. d3 Nc6 7. Be3 Nf6 8. h3 Rb8 9. Qd2 O-O 10. O-O b5 11. Bh6 e5 12. Bxg7 Kxg7 13. f4 b4 14. Nd1 Nd4 15. Nxd4 cxd4 16. a3 a5 17. axb4 axb4 18. b3 Qb6 19. Nb2 Ba6 20. g4 Qc6 21. Qf2 Bb5 22. Ra7 Nd7 23. f5 f6 24. h4 Rbc8 25. Nc4 Bxc4 26. bxc4 Ra8 27. Rxa8 Qxa8 28. g5 Qd8 29. Qg3 Nc5 30. Bh3 b3 31. cxb3 Nxb3 32. Kh2 Nc5 33. Rf2 Qe7 34. Rg2 Rh8 35. Kg1 Qd8 36. Qf3 Rf8 37. fxg6 hxg6 38. Bf5 Qa5 39. gxf6+ Rxf6 40. Qh5 Qe1+ 41. Kh2 Qf2 42. Qxg6+ 1/2-1/2